 Dungeon Crawl Stone Soup version 0.26-a0-651-gb41185065b (webtiles) character file.

Game seed: 13123927420454930385

14 Lanoc the Skirmisher (level 2, 0/28 HPs)
             Began as a Naga Fighter on Oct 2, 2020.
             Slain by a hobgoblin (6 damage)
             ... led by Robin
             ... on level 2 of the Dungeon.
             The game lasted 00:00:48 (478 turns).

Lanoc the Skirmisher (Naga Fighter)                  Turns: 478, Time: 00:00:49

Health: 0/28       AC:  4    Str: 18    XL:     2   Next: 41%
Magic:  2/2        EV:  5    Int:  8    God:
Gold:   43         SH:  8    Dex: 10    Spells: 1/1 levels left

rFire    . . .     SeeInvis +   a - +0 long sword
rCold    . . .     Faith    .   c - +0 kite shield
rNeg     . . .     Spirit   .   b - +0 scale mail
rPois    +         Reflect  .   (no helmet)
rElec    .         Harm     .   (no cloak)
rCorr    .         Rampage  .   (no gloves)
MR       .....                  (no barding)
Stlth    ..........             (no amulet)
HPRegen  0.09/turn              (no ring)
MPRegen  0.08/turn              (no ring)

@: mighty, very slow
A: large, see invisible, deformed body, poison resistance, slowness 2, spit
poison 1, AC +0
a: Spit Poison


You were on level 2 of the Dungeon.
You visited 1 branch of the dungeon, and saw 2 of its levels.

You collected 43 gold pieces.

Inventory:

Hand Weapons
 a - a +0 long sword (weapon)
Armour
 b - a +0 scale mail (worn)
 c - a +0 kite shield (worn)
Scrolls
 f - a scroll of identify {unknown}
 g - a scroll of remove curse {unknown}


   Skills:
 + Level 3.1 Fighting
 * Level 2.3 Long Blades
 + Level 2.5 Armour
 + Level 0.3 Dodging
 + Level 2.5 Shields


You had one spell level left.
You didn't know any spells.
Your spell library was empty.

Dungeon Overview and Level Annotations

Branches:
Dungeon (2/15)

Altars:

Annotations:
D:2 Robin


Innate Abilities, Weirdness & Mutations

You cannot wear boots.
Your serpentine skin is tough. (AC +0)
You have supernaturally acute eyesight. (SInv)
Armour fits poorly on your strangely shaped body.
Your system is resistant to poisons. (rPois)
You cover ground very slowly.
You can spit poison.


Message History

The hobgoblin hits you. You block the hobgoblin's attack.
You hit the hobgoblin but do no damage. The hobgoblin hits you.
Robin throws the goblin at you! The goblin hits you with a +0 club.
You barely miss the goblin. The hobgoblin hits you.
You block the goblin's attack.
You closely miss the goblin.
You have got your breath back.
The goblin no longer looks unusually strong.
The hobgoblin hits you but does no damage.
You block the goblin's attack. The hobgoblin hits you.
It was a potion of magic.
Magic courses through your body.
The goblin no longer looks unusually strong.
You block the goblin's attack. The hobgoblin hits you.
* * * LOW HITPOINT WARNING * * *
You feel very mighty all of a sudden.
The hobgoblin no longer looks unusually strong.
Robin roars a battlecry!
The goblins go into a battle-frenzy!
You block the goblin's attack. The hobgoblin hits you.
You die...

.......#.#†.##.#.##
.....###.#........#
####. #.##.##....#
.. ..##.###...# ##
#..##.# #...#
#..##.# #...#
#..##.# #...#
#..##.# ##g##
#..##.# #@# #.# #g#
#g# #g#


Sgg rg. ... ..... You could see Robin, an adder, 3 hobgoblins, 3 goblins and a
rat.

Vanquished Creatures
  A worm (D:2)
  A dart slug (D:1)
  A giant cockroach (D:2)
  A bat (D:1)
  4 goblins (D:2)
  A kobold (D:1)
  A rat (D:1)
10 creatures vanquished.

Notes
Turn   | Place    | Note
-------+----------+-------------------------------------------
     0 | D:1      | Lanoc the Naga Fighter began the quest for the Orb.
     0 | D:1      | Reached XP level 1. HP: 21/21 MP: 1/1
   254 | D:2      | Reached XP level 2. HP: 10/28 MP: 2/2
   463 | D:2      | Noticed Robin
   478 | D:2      | Slain by a hobgoblin

Illustrated notes

Levels and vault maps discovered:
D:1:      dpeg_arrival_tiny_d, layout_basic, roderic_roman_lattice
D:2:      layout_basic, uniq_robin

Action                   || total
-------------------------++-------
Melee: Long sword        ||    34
 Abil: Spit Poison       ||     3
  Use: Potion            ||     2
Armor: Scale mail        ||    12
Dodge: Dodged            ||     7
Block: Kite shield       ||    22
       Rpst.: Long sword ||     1

Table legend: (Time is in decaauts)
 A = Elapsed time spent in this place.
 B = Non-inter-level travel time spent in this place.
 C = Inter-level travel time spent in this place.
 D = Time resting spent in this place.
 E = Time spent auto-exploring this place.
 F = Levels seen in this place.
 G = Mean time per level.
                   A        B        C        D        E       F      G
               +--------+--------+--------+--------+--------+-----+--------+
         Total |    542 |    524 |     18 |      0 |    428 |   2 |  271.0 |
       Dungeon |    542 |    524 |     18 |      0 |    428 |   2 |  271.0 |
               +--------+--------+--------+--------+--------+-----+--------+

Top non-repeatable levels by time:
     D:1: 277 daAuts
     D:2: 264 daAuts
